 Dungeon Crawl Stone Soup version 0.26.0-18-gc5c842f807 (webtiles) character file.

Game seed: 1992877403425279159

8105 trckry the Fighter (level 11, -25/94 HPs)
             Began as a Minotaur Fighter on Jan 23, 2021.
             Was a Believer of Makhleb.
             Killed from afar by Erica (31 damage)
             ... with a bolt of poison
             ... on level 9 of the Dungeon.
             The game lasted 00:20:43 (10842 turns).

trckry the Fighter (Minotaur Fighter)              Turns: 10842, Time: 00:20:43

Health: -25/94     AC: 18    Str: 23    XL:     11   Next: 5%
Magic:  14/14      EV:  8    Int:  5    God:    Makhleb [**....]
Gold:   642        SH: 11    Dex: 11    Spells: 10/10 levels left

rFire    . . .     SeeInvis .   a - +0 flail
rCold    . . .     Faith    .   c - +0 kite shield
rNeg     + . .     Spirit   .   z - +0 plate armour
rPois    .         Reflect  .   h - +1 hat
rElec    .         Harm     .   y - +0 cloak {Will+}
rCorr    .         Rampage  .   w - +0 pair of gloves
Will     +....                  g - +0 pair of boots
Stlth    ..........             (no amulet)
HPRegen  0.25/turn              p - ring of flight (curse)
MPRegen  0.14/turn              B - ring of positive energy

@: lethally poisoned (-25 -> -33), flying, slowed, very slow
A: retaliatory headbutt, horns 2
a: Renounce Religion, Minor Destruction


You were on level 9 of the Dungeon.
You worshipped Makhleb.
Makhleb was pleased with you.
You visited 1 branch of the dungeon, and saw 9 of its levels.

You collected 642 gold pieces.

Inventory:

Hand Weapons
 a - a +0 flail (weapon)
Missiles
 F - 3 poisoned darts (quivered)
 G - 8 javelins
Armour
 c - a +0 kite shield (worn)
 g - a +0 pair of boots (worn)
 h - a +1 hat (worn)
 w - a +0 pair of gloves (worn)
 y - a +0 cloak of willpower (worn)
 z - a +0 plate armour (worn)
Jewellery
 p - a cursed ring of flight (left hand)
 B - a ring of positive energy (right hand)
Wands
 b - a wand of polymorph (10)
 s - a wand of random effects (16)
 A - a wand of paralysis (6)
 C - a wand of iceblast (25)
 D - a wand of flame (23)
 E - a wand of digging (10)
Scrolls
 i - 2 scrolls of enchant armour {unknown}
 n - a scroll of noise {unknown}
 o - 7 scrolls of identify {unknown}
 q - 2 scrolls of immolation {unknown}
 t - 2 scrolls of magic mapping {unknown}
 u - 4 scrolls of remove curse
 v - 3 scrolls of fear {unknown}
 x - 3 scrolls of teleportation {unknown}
 H - a scroll of enchant weapon {unknown}
Potions
 d - a potion of might
 e - 3 potions of attraction {unknown}
 f - a potion of haste
 j - a potion of mutation {unknown}
 k - a potion of flight
 l - a potion of brilliance {unknown}
 m - 3 potions of curing
 r - 2 potions of resistance {unknown}


   Skills:
 + Level 8.2 Fighting
 + Level 7.6 Maces & Flails
 + Level 5.8 Throwing
 + Level 8.1 Armour
 + Level 6.5 Dodging
 + Level 8.1 Shields
 + Level 6.0 Invocations
 + Level 5.4 Evocations


You had 10 spell levels left.
You didn't know any spells.
Your spell library contained the following spells:

 Spells                   Type           Power        Failure   Level
 Shock                    Conj/Air       0%           100%        1
 Swiftness                Air            0%           100%        2
 Static Discharge         Conj/Air       0%           100%        3
 Airstrike                Air            0%           100%        4
 Lightning Bolt           Conj/Air       0%           100%        5


Dungeon Overview and Level Annotations

Branches:
Dungeon (9/15)             Temple (0/1) D:6
   Lair: D:8-11         Orc: D:9-12

Altars:
Cheibriados
Dithmenos
Fedhas
Makhleb
Okawaru
Sif Muna
Trog
Vehumet
Wu Jian
Xom
Yredelemnul
Zin
The Shining One

Annotations:
D:3 2 transporters, Snicker's ghost, weakling DsDe
D:9 Erica


Innate Abilities, Weirdness & Mutations

You reflexively headbutt those who attack you in melee.
You have a pair of horns on your head.


Message History

Evoke which item? (* to show all) (? for menu, Esc to quit)
Aiming: Random Effects
Press: ? - help, Shift-Dir - straight line Nothing appears to happen.
You feel sick. Something hits you but does no damage. Something hits you.
* * * LOW HITPOINT WARNING * * *
Something burns you.
* * * LOW HITPOINT WARNING * * *
You feel better. Something hits you!
* * * LOW HITPOINT WARNING * * *
Something burns you.
* * * LOW HITPOINT WARNING * * *
It was a potion of flight.
You feel very buoyant.
You fly up into the air.
You hear some strange, mumbled words.
A bolt of poison appears from out of thin air!
The bolt of poison hits you!!
You are lethally poisoned!
You die...

##### #...#
##########.#.###..♣
.........${..(((...
##########@########.
.#
...............#..#.#
##########..##.#..#.#
#.......#..#.#
#.......#..#.#
#.......#.##.#
#.......#.##.#
#.#..##.#..).#
#.#..##...#..####


There were no monsters in sight!

Vanquished Creatures
  A boulder beetle (D:8)
  A two-headed ogre (D:8)
  Harold (D:7)
  A cyclops (D:8)
  Maurice (D:8)
  A troll (D:8)
  Prince Ribbit (D:7)
  6 yaks
  Eustachio (D:6)
  Menkaure (D:6)
  Edmund (D:6)
  Duvessa (D:4)
  3 orc warriors
  2 ice beasts
  5 sky beasts
  2 black bears
  4 ogres
  3 centaurs
  Blork the orc (D:5)
  5 bullfrogs
  Dowan (D:4)
  4 scorpions
  A wight (D:8)
  2 howler monkeys
  A crimson imp (D:6)
  2 orc priests
  4 hounds
  16 orc wizards
  A bullfrog skeleton (D:9)
  2 jellies
  Crazy Yiuf (D:5)
  5 iguanas
  5 worker ants
  A killer bee zombie (D:8)
  2 hound zombies (D:6)
  A worker ant zombie (D:8)
  Robin (D:2)
  7 gnolls
  7 adders
  A shadow imp (D:9)
  2 white imps
  An adder skeleton (D:4)
  2 adder zombies (D:6)
  A worm (D:4)
  2 dart slugs
  3 leopard geckos
  23 orcs
  6 giant cockroaches
  17 goblins
  10 hobgoblins
  14 jackals
  4 kobolds
  2 quokkas
  A ball python (D:8)
  10 bats
  3 frilled lizards
  A leopard gecko zombie (D:8)
  10 rats
219 creatures vanquished.

Vanquished Creatures (others)
  An ice beast (D:5)
  7 plants
8 creatures vanquished.

Grand Total: 227 creatures vanquished

Notes
Turn   | Place    | Note
-------+----------+-------------------------------------------
     0 | D:1      | trckry the Minotaur Fighter began the quest for the Orb.
     0 | D:1      | Reached XP level 1. HP: 19/19 MP: 0/0
   226 | D:1      | Reached XP level 2. HP: 23/27 MP: 1/1
   891 | D:2      | Reached skill level 1 in Dodging
   891 | D:2      | Reached XP level 3. HP: 28/33 MP: 2/2
   969 | D:2      | Found an iron altar of Okawaru.
  1053 | D:2      | Identified the +2 helmet "Xiamok" {rF++}
  1053 | D:2      | Noticed Robin
  1089 | D:2      | Reached skill level 1 in Invocations
  1131 | D:2      | Reached XP level 4. HP: 15/40 MP: 3/3
  1136 | D:2      | Killed Robin
  1137 | D:2      | Reached skill level 1 in Throwing
  1406 | D:2      | Noticed a sky beast
  1429 | D:2      | Killed a sky beast
  1430 | D:2      | Reached skill level 1 in Evocations
  1430 | D:2      | Reached XP level 5. HP: 37/47 MP: 3/5
  1721 | D:3      | Found a transporter.
  1942 | D:3      | Found a transporter.
  1965 | D:3      | Identified the +0 kite shield of the Original Sin {rN++}
  1968 | D:3      | Noticed Snicker's ghost (weakling DsDe)
  1980 | D:3      | Found a radiant altar of Vehumet.
  1990 | D:3      | Reached XP level 6. HP: 53/53 MP: 6/6
  2434 | D:3      | Found a bloodstained altar of Trog.
  2672 | D:4      | Noticed Dowan
  2673 | D:4      | Noticed Duvessa
  2698 | D:4      | Killed Duvessa
  2707 | D:4      | Killed Dowan
  2827 | D:4      | Reached XP level 7. HP: 60/60 MP: 7/7
  2828 | D:4      | Found a burning altar of Makhleb.
  2859 | D:4      | Became a worshipper of Makhleb the Destroyer
  3303 | D:4      | Reached skill level 5 in Fighting
  3647 | D:4      | Found an ornate altar of the Wu Jian Council.
  3659 | D:4      | Found a glowing silver altar of Zin.
  3906 | D:5      | Entered Level 5 of the Dungeon
  4049 | D:5      | Reached skill level 5 in Armour
  4049 | D:5      | Reached skill level 5 in Shields
  4120 | D:5      | Found a shimmering blue altar of Sif Muna.
  4377 | D:5      | Noticed Blork the orc
  4385 | D:5      | Killed Blork the orc
  4677 | D:5      | Reached XP level 8. HP: 68/68 MP: 9/9
  4788 | D:5      | Found a runed translucent door.
  4789 | D:5      | Noticed Crazy Yiuf
  4794 | D:5      | Killed Crazy Yiuf
  5414 | D:6      | Noticed Menkaure
  5936 | D:6      | Killed Menkaure
  6299 | D:5      | Reached skill level 5 in Maces & Flails
  6609 | D:6      | Reached * piety under Makhleb
  6707 | D:6      | Noticed Edmund
  6741 | D:6      | Killed Edmund
  6814 | D:6      | Found a staircase to the Ecumenical Temple.
  7087 | D:6      | Reached XP level 9. HP: 70/75 MP: 10/10
  7145 | D:6      | Noticed Eustachio
  7169 | D:6      | Killed Eustachio
  7244 | D:6      | Found a burning altar of Makhleb.
  7244 | D:6      | Found a shimmering altar of Xom.
  7535 | D:7      | Found a shadowy altar of Dithmenos.
  7698 | D:7      | Found a glowing golden altar of the Shining One.
  7727 | D:7      | Got a shimmering lajatang
  7739 | D:7      | Identified the +5 lajatang of Maenk {holy, *Slow rPois
                  | Will+ Dex+5} (You found it on level 7 of the Dungeon)
  7803 | D:7      | Noticed Harold
  7825 | D:7      | Killed Harold
  7826 | D:7      | Reached skill level 5 in Dodging
  8045 | D:7      | Noticed Prince Ribbit
  8057 | D:7      | Killed Prince Ribbit
  8223 | D:7      | Found a snail-covered altar of Cheibriados.
  8465 | D:7      | Reached skill level 5 in Invocations
  8465 | D:7      | Reached XP level 10. HP: 41/86 MP: 12/12
  8826 | D:8      | Reached skill level 5 in Throwing
  8952 | D:8      | Noticed Maurice
  8975 | D:8      | Killed Maurice
  9146 | D:8      | Reached ** piety under Makhleb
  9538 | D:8      | Found a runed translucent door.
  9728 | D:8      | Found a runed translucent door.
 10069 | D:8      | Noticed a cyclops
 10113 | D:8      | Killed a cyclops
 10114 | D:8      | Reached skill level 5 in Evocations
 10173 | D:8      | Noticed a boulder beetle
 10186 | D:8      | Killed a boulder beetle
 10212 | D:8      | Noticed a two-headed ogre
 10361 | D:8      | Killed a two-headed ogre
 10547 | D:8      | Reached XP level 11. HP: 84/94 MP: 14/14
 10663 | D:9      | Found a blossoming altar of Fedhas.
 10804 | D:9      | Found a basalt altar of Yredelemnul.
 10808 | D:9      | Noticed Erica
 10841 | D:9      | HP: 5/94 [something (5)]
 10842 | D:9      | Killed from afar by Erica

Illustrated notes

Levels and vault maps discovered:
D:1:      ncdulo_smallfort, layout_loops_ring
D:2:      layout_basic, kennysheep_okawaru_gauntlet, uniq_robin
D:3:      layout_basic, vehumet_crystals, marbit_many_paths,
          gammafunk_ghost_gnarly_gnolls, st_stairs_6
D:4:      layout_layer_cave, minitemple, makhleb_heckhound_becter, uniq_duvessa
D:5:      layout_loops_cross, nicolae_overflow_hidden_temple,
          lemuel_flame_loot_1, uniq_crazy_yiuf_cottage, uniq_blork_the_orc
D:6:      layout_cave_pools, grunt_temple_overflow_champion_of_chaos,
          minmay_temple_entry_steel_oval, uniq_menkaure, uniq_eustachio,
          uniq_edmund
D:7:      layout_cave_pools, lemuel_doored_altar, tso_oasis_becter,
          kennysheep_another_room, grunt_dithmenos_smoke, uniq_harold,
          uniq_prince_ribbit1
D:8:      cheibrodos_histonic, layout_basic, hex_large, uniq_maurice
D:9:      minmay_the_grid_triangle_9x9_rhombus_thin_mashed
          [minmay_the_grid_triangle_9x9_limited_checkers,
          minmay_the_grid_triangle_9x9_prize_special,
          minmay_the_grid_triangle_9x9_flanged_cone,
          minmay_the_grid_triangle_9x9_skeleton], layout_basic,
          lemuel_crystal_altar, lemuel_crystal_altar, chequers_mini_garden,
          uniq_maggie, uniq_erica

Skill      XL: |  1  2  3  4  5  6  7  8  9 10 11 |
---------------+----------------------------------+-----
Fighting       | 4 5 6 7 8 |  8.2
Dodging        | 1 2 3 4 5 6 |  6.5
Invocations    | 1 2 3 5 6 |  6.0
Armour         | 4 5 6 7 8 |  8.1
Shields        | 4 5 6 7 8 |  8.1
Throwing       | 1 2 3 4 5 |  5.8
Maces & Flails | 3 4 5 6 7 |  7.6
Evocations     | 1 2 3 4 5 |  5.4

Action                   |  1- 3 |  4- 6 |  7- 9 | 10-12 || total
-------------------------+-------+-------+-------+-------++-------
Melee: Flail             |    95 |   143 |   348 |   294 ||   880
       Headbutt          |    14 |    17 |    93 |    66 ||   190
Throw: Dart              |       |       |       |    12 ||    12
Evoke: Wand              |       |       |       |     1 ||     1
  Use: Scroll            |       |     1 |       |       ||     1
       Potion            |       |       |       |     2 ||     2
Armor: Scale mail        |    55 |    49 |     9 |       ||   113
       Plate armour      |       |       |   189 |   151 ||   340
Dodge: Dodged            |    25 |    48 |    94 |    37 ||   204
Block: Kite shield       |    48 |    71 |   214 |   125 ||   458
